 Dungeon Crawl Stone Soup version 0.28.0-53-g5a82cb258f (webtiles) character file.

Game seed: 13783121595004698258

2160 DearestLeader the Destroyer (level 9, 0/51 HPs)
             Began as a Deep Elf Conjurer on June 8, 2022.
             Killed from afar by an orc wizard (8 damage)
             ... with a puff of flame
             ... on level 5 of the Dungeon.
             The game lasted 00:14:43 (6356 turns).

DearestLeader the Destroyer (Deep Elf Conjurer)     Turns: 6356, Time: 00:14:43

Health: 0/51       AC:  2    Str:  4    XL:     9   Next: 10%
Magic:  2/22       EV: 13    Int: 28    God:
Gold:   166        SH:  0    Dex: 13    Spells: 12/22 levels left

rFire   . . .      SeeInvis .   s - +0 falchion (protect)
rCold   . . .      Faith    .   (no shield)
rNeg    . . .      Spirit   .   a - +0 robe
rPois   .          Reflect  .   i - +0 hat
rElec   .          Harm     .   (no cloak)
rCorr   .          Rampage  .   (no gloves)
Will    .....                   (no boots)
Stlth   ++........              (no amulet)
HPRegen 0.17/turn               (no ring)
MPRegen 0.18/turn               (no ring)

@: slowed, very slow
A: no striking features
a: no special abilities


You were on level 5 of the Dungeon.
You visited 1 branch of the dungeon, and saw 5 of its levels.

You collected 166 gold pieces.

Inventory:

Hand Weapons
 p - a +4 trident
 s - a +0 falchion of protection (weapon)
Armour
 a - a +0 robe (worn)
 i - a +0 hat (worn)
Magical Staves
 u - a staff of cold
Scrolls
 b - a scroll of enchant weapon
 c - 2 scrolls of blinking
 d - 2 scrolls of identify
 e - a scroll of fog
 f - a scroll of fear {unknown}
 j - a scroll of enchant armour {unknown}
 m - a scroll of vulnerability {unknown}
 q - a scroll of summoning {unknown}
 r - a scroll of immolation {unknown}
Potions
 g - a potion of brilliance {unknown}
 l - a potion of ambrosia {unknown}
 n - a potion of cancellation {unknown}
 o - a potion of might {unknown}


   Skills:
 + Level 3.2 Fighting
 + Level 4.0 Dodging
 - Level 3.0 Stealth
 + Level 7.3 Spellcasting
 * Level 10.0 Conjurations
 - Level 5.0 Hexes
 + Level 2.8 Air Magic


You had 12 spell levels left.
You knew the following spells:

 Your Spells              Type           Power      Damage    Failure   Level
a - Magic Dart            Conj           100%       1d8       1%          1
b - Searing Ray           Conj           100%       2d8       1%          2
c - Fulminant Prism       Conj/Hex       25%        3d14      2%          4
d - Swiftness             Air            26%        N/A       4%          3

Your spell library contained the following spells:

 Spells                   Type           Power      Damage    Failure   Level
 Shock                    Conj/Air       100%       1d9       1%          1
 Conjure Flame            Conj/Fire      38%        6-21      1%          3
 Dazzling Flash           Conj/Hex       100%       N/A       1%          3
 Ensorcelled Hibernation  Hex/Ice        48%        N/A       2%          2
 Iskenderun's Mystic Bla  Conj/Tloc      38%        2d9       7%          4
 Sticky Flame             Conj/Fire      38%        2d6       7%          4
 Passwall                 Tmut/Erth      8%         N/A       8%          2
 Ignite Poison            Fire/Tmut/Pois 10%        N/A       16%         3
 Airstrike                Air            13%        N/A       16%         4
 Alistair's Intoxication  Tmut/Pois      6%         N/A       82%         5
 Borgnjor's Vile Clutch   Necr/Erth      5%         N/A       82%         5
 Eringya's Noxious Bog    Tmut/Pois      5%         N/A       100%        6


Dungeon Overview and Level Annotations

Branches:
Dungeon (5/15)
 Temple: D:4-7

Altars:
Cheibriados
Elyvilon
Kikubaaqudgha
Xom

Annotations:
D:3 Crazy Yiuf


Message History

You are poisoned.
You have difficulty breathing.
You feel yourself slow down.
You completely miss something.
You feel very sick. Something barely misses you. Something hits you.
Casting: Searing Ray (safe; 1% risk of failure)
Confirm with . or Enter, or press ? or * to list all spells.
You don't know that spell.
Casting: Searing Ray (safe; 1% risk of failure)
Confirm with . or Enter, or press ? or * to list all spells.
Aiming: Searing Ray (safe; 1% risk of failure)
Press: ? - help, Shift-Dir - straight line, f - orc
Aim: an orc, wielding a +0 club and quivering curare-tipped darts (83% to hit)
The searing ray hits the orc!
You kill the orc! (Press . to maintain the ray.)
You feel very sick. Something hits you.
* * * LOW HITPOINT WARNING * * *
Something hits you.
* * * LOW HITPOINT WARNING * * *
The searing ray hits something.
You feel sick. Something hits you.
* * * LOW HITPOINT WARNING * * *
Unknown command.
You feel better. Something hits you. Something hits you but does no damage.
You miss something. Something hits you.
* * * LOW HITPOINT WARNING * * *
Something hits you.
* * * LOW HITPOINT WARNING * * *
You miss something. Something barely misses you.
You miss something. Something hits you.
* * * LOW HITPOINT WARNING * * *
Something hits you.
* * * LOW HITPOINT WARNING * * *
You miss something. Something hits you.
* * * LOW HITPOINT WARNING * * *
You hear some strange, mumbled words.
A puff of flame appears from out of thin air!
The puff of flame hits you!
You die...

.......# #.##########
.#####.# #.# ..# #.# #.#
#.# #.# #># #.####.###.#
...)##.#...# #.#.##.#.###
...........##############
#.#.####.#.....†@{).)....
....# #.#.#########.....
#.### #.#.# #.# #<# #.#.#
#.# #.#.# #.# #.#.###
#.######....<#
#........[.#.#
#.#######..#.##


There were no monsters in sight!

Vanquished Creatures
  Grinder (D:4)
  Sigmund (D:2)
  A wyvern (D:4)
  4 yaks (D:5)
  A water moccasin (D:5)
  An orc warrior (D:4)
  A necrophage (D:4)
  A scorpion (D:5)
  A water moccasin zombie (D:4)
  2 wights (D:4)
  2 bullfrog zombies (D:4)
  A centaur zombie (D:4)
  An orc priest (D:5)
  A jelly (D:5)
  A human zombie (D:4)
  A centaur skeleton (D:4)
  A hound (D:4)
  A bullfrog skeleton (D:4)
  An iguana (D:4)
  Terence (D:2)
  3 scorpion zombies (D:4)
  2 hound zombies (D:4)
  2 hound skeletons (D:4)
  3 mummies (D:4)
  3 adders
  2 ufetubi
  5 adder zombies (D:4)
  2 worms (D:2)
  A dart slug (D:2)
  5 orcs
  4 ball pythons
  7 endoplasms
  3 giant cockroaches
  6 goblins
  10 hobgoblins
  7 kobolds
  4 quokkas
  6 bats
  3 frilled lizards (D:1)
  A quokka skeleton (D:4)
  A quokka zombie (D:4)
  5 rats
110 creatures vanquished.

Vanquished Creatures (others)
  3 fulminant prisms (D:5)
  A fungus (D:3)
4 creatures vanquished.

Grand Total: 114 creatures vanquished

Notes
Turn   | Place    | Note
-------+----------+-------------------------------------------
     0 | D:1      | DearestLeader the Deep Elf Conjurer began the quest for the
                  | Orb.
     0 | D:1      | Reached XP level 1. HP: 10/10 MP: 6/6
   257 | D:1      | Reached XP level 2. HP: 15/15 MP: 6/8
   274 | D:1      | Found a faded altar of an unknown god.
   283 | D:1      | Learned a level 2 spell: Searing Ray
   605 | D:1      | You fall into a shaft and drop 1 floor!
   655 | D:2      | Noticed Terence
   744 | D:1      | Reached XP level 3. HP: 19/19 MP: 6/9
  1098 | D:2      | Noticed Sigmund
  1365 | D:3      | Found a runed translucent door.
  1366 | D:3      | Noticed Crazy Yiuf
  1390 | D:3      | Reached skill level 5 in Conjurations
  2249 | D:4      | Found a white marble altar of Elyvilon.
  2251 | D:4      | Found a snail-covered altar of Cheibriados.
  2467 | D:4      | Reached XP level 4. HP: 24/24 MP: 3/11
  2717 | D:4      | Reached XP level 5. HP: 26/28 MP: 9/13
  2727 | D:4      | Learned a level 4 spell: Fulminant Prism
  2748 | D:4      | Reached skill level 6 in Conjurations
  2902 | D:4      | Reached skill level 1 in Hexes
  3080 | D:4      | Reached XP level 6. HP: 30/32 MP: 10/15
  3186 | D:4      | Noticed a wyvern
  3191 | D:4      | Killed a wyvern
  3192 | D:4      | Reached skill level 5 in Spellcasting
  3192 | D:4      | Reached skill level 7 in Conjurations
  3576 | D:4      | Reached XP level 7. HP: 36/36 MP: 10/16
  3825 | D:4      | Found an ancient bone altar of Kikubaaqudgha.
  4098 | D:4      | Reached skill level 1 in Fighting
  4174 | D:4      | Reached skill level 8 in Conjurations
  4751 | D:2      | Found a shimmering altar of Xom.
  4930 | D:2      | Killed Terence
  5222 | D:2      | Killed Sigmund
  5223 | D:2      | Reached XP level 8. HP: 35/44 MP: 9/19
  5229 | D:2      | Learned a level 3 spell: Swiftness
  5474 | D:5      | Entered Level 5 of the Dungeon
  5763 | D:5      | Noticed Grinder
  5929 | D:5      | Paralysed by Grinder for 7 turns
  5944 | D:4      | Killed Grinder
  5945 | D:4      | Reached skill level 9 in Conjurations
  5945 | D:4      | Reached skill level 5 in Hexes
  5945 | D:4      | Reached skill level 1 in Air Magic
  6325 | D:5      | Reached XP level 9. HP: 33/50 MP: 5/21
  6340 | D:5      | Reached skill level 10 in Conjurations
  6356 | D:5      | Killed from afar by an orc wizard

Illustrated notes

Levels and vault maps discovered:
D:1:      lemuel_arrival_broad_hall, layout_basic,
          dreamdust_ecumenical_altar_angels_and_demons
D:2:      layout_rooms, basic_altar, uniq_terence, uniq_sigmund
D:3:      layout_loops_ring, uniq_crazy_yiuf_cottage
D:4:      layout_loops_ring, lemuel_mausoleum_altar_kikubaaqudgha,
          overflow_temple_1_default, mainiacjoe_overflow_boulevard,
          serial_undead, serial_undead_e, serial_undead_b, serial_undead_a,
          serial_undead_b, serial_undead_f, serial_undead_a, serial_undead_b,
          serial_park_tiny_pond
D:5:      layout_loops_ring, uniq_grinder

Skill      XL: |  1  2  3  4  5  6  7  8  9 |
---------------+----------------------------+-----
Stealth        | 3 |  3.0
Dodging        | 3 4 |  4.0
Conjurations   | 5 6 7 8 9 10 | 10.0
Spellcasting   | 4 5 6 7 |  7.3
Hexes          | 1 3 4 5 |  5.0
Fighting       | 1 3 |  3.2
Air Magic      | 2 |  2.8

Action                   |  1- 3 |  4- 6 |  7- 9 || total
-------------------------+-------+-------+-------++-------
Melee: Dagger            |    21 |    18 |       ||    39
       Trident           |       |       |    18 ||    18
       Falchion          |       |       |    18 ||    18
 Cast: Magic Dart        |    80 |    14 |     7 ||   101
       Searing Ray       |     1 |    18 |    43 ||    62
       Fulminant Prism   |       |       |     3 ||     3
  Use: Scroll            |     3 |       |     2 ||     5
       Potion            |     1 |       |     2 ||     3
 Stab: Sleeping          |       |       |     4 ||     4
       Distracted        |       |       |     1 ||     1
Armor: Robe              |     7 |     8 |    13 ||    28
Dodge: Dodged            |    20 |    35 |    71 ||   126
